 Dungeon Crawl Stone Soup version 0.31-a0-1074-g0b22e4e0f1 (webtiles) character file.

Game seed: 9087271667465679043

2199 javelincjr the Trooper (level 9, 0/68 HPs)
             Began as a Djinni Fire Elementalist on Dec 5, 2023.
             Was an Initiate of Qazlal.
             Slain by an orc warrior
             ... wielding a +0 trident
              (7 damage)
             ... on level 7 of the Dungeon.
             The game lasted 00:21:12 (6812 turns).

javelincjr the Trooper (Djinni Fire Elementalist)   Turns: 6812, Time: 00:21:12

Health: 0/68       AC:  9    Str:  7    XL:     9   Next: 60%
Gold:   247        EV: 14    Int: 21    God:    Qazlal [......] SH:  0 Dex: 14

rFire   + + +        z - +3 trident
rCold   x x x        (no shield)
rNeg    . . .        N - +0 steam dragon scales
rPois   ∞            F - +0 helmet
rElec   .            u - +0 cloak
rCorr   .            G - +0 pair of gloves
SInv    .            (boots unavailable)
Will    .....        (no amulet)
Stlth   ++           D - ring of fire
HPRegen 0.31/turn    v - ring of fire
MPRegen 0.00/turn

%: infuse magic (-1 HP)
@: flying
A: sickness immunity, fire resistance 2, cold vulnerability 1, float, innate
caster, HP casting, extra vitality 1
a: Renounce Religion


You were on level 7 of the Dungeon.
You worshipped Qazlal.
Qazlal was noncommittal.
You visited 2 branches of the dungeon, and saw 8 of its levels.

You collected 275 gold pieces.
You spent 28 gold pieces at shops.

Inventory:

Hand Weapons
 g - a +0 spear
 t - a +2 short sword of holy wrath
 z - a +3 trident (weapon)
 L - a +2 rapier of venom
 M - a +0 long sword of pain
Missiles
 k - 6 boomerangs
 J - a curare-tipped dart
Armour
 a - a +0 robe
 r - a +2 leather armour of fire resistance
 u - a +0 cloak (worn)
 F - a +0 helmet (worn)
 G - a +0 pair of gloves (worn)
 I - a +1 robe of positive energy
 N - +0 steam dragon scales (worn)
Magical Staves
 o - a staff of poison
 B - a staff of air
Jewellery
 s - a ring of resist corrosion
 v - a ring of fire (right hand)
 C - a +6 ring of strength
 D - a ring of fire (left hand)
Wands
 K - a wand of iceblast (14)
Scrolls
 b - a scroll of revelation
 c - a scroll of amnesia
 d - 2 scrolls of teleportation {unknown}
 e - a scroll of fog {unknown}
 f - a scroll of fear {unknown}
 j - 2 scrolls of poison {unknown}
 m - 2 scrolls of noise {unknown}
 x - a scroll of enchant weapon {unknown}
 y - 2 scrolls of blinking {unknown}
 E - a scroll of enchant armour {unknown}
 H - a scroll of summoning {unknown}
Potions
 h - 2 potions of mutation {unknown}
 i - 6 potions of curing
 l - 2 potions of brilliance {unknown}
 n - 2 potions of heal wounds {unknown}
 p - a potion of berserk rage {unknown}
 q - 2 potions of cancellation {unknown}
 w - 3 potions of degeneration {unknown}
 A - a potion of resistance {unknown}


   Skills:
 * Level 7.5 Fighting
 + Level 2.8 Armour
 + Level 6.1 Dodging
 - Level 1.5 Stealth
 * Level 6.0 Spellcasting
 * Level 6.0 Conjurations
 * Level 6.0 Hexes
   Level 0.0 Charms
 * Level 6.0 Summonings
 * Level 6.0 Necromancy
 * Level 6.0 Translocations
 * Level 6.0 Transmutations
 * Level 6.0 Fire Magic
 * Level 6.0 Ice Magic
 * Level 6.0 Air Magic
 * Level 6.0 Earth Magic
 * Level 6.0 Poison Magic


You knew the following spells:

 Your Spells              Type           Power      Damage    Failure   Level
a - Foxfire               Conj/Fire      100%       2x1d9     1%          1
b - Scorch                Fire           100%       2d9       1%          2
c - Volatile Blastmotes   Fire/Tloc      100%       2d18      2%          3
d - Inner Flame           Hex/Fire       64%        N/A       2%          3
e - Flame Wave            Conj/Fire      64%        2d15      8%          4
f - Kiss of Death         Conj/Necr      100%       2d13      1%          1
g - Passwall              Tmut/Erth      25%        N/A       1%          2
h - Ignite Poison         Fire/Tmut/Pois 64%        N/A       2%          3
i - Anguish               Hex/Necr       15%        N/A       8%          4
Your spell library was empty.

Dungeon Overview and Level Annotations

Branches:
Dungeon (7/15)             Temple (1/1) D:5

Altars:
Ashenzari
Cheibriados
Elyvilon
Gozag
Makhleb
Nemelex Xobeh
Qazlal
Ru
Uskayaw
Wu Jian
Yredelemnul
Zin
The Shining One

Shops:
D:6 ?


Innate Abilities, Weirdness & Mutations

You are immune to sickness and miasma.
You are immune to poison.
Your flesh is very heat resistant. (rF++)
You are vulnerable to cold. (rC-)
You float through the air rather than walking.
You learn spells naturally, not from books.
Your magical power is your life essence.
You have superior vitality. (+4 MHP)


Message History

A wave of flame ripples out!
The flame wave engulfs the orc.
The orc is heavily wounded.
The flame wave engulfs the orc!!
You kill the orc!
Qazlal accepts your kill.
The flame wave engulfs the orc warrior.
The orc warrior is moderately wounded.
You hear a shout!
The centaur shoots an arrow.
The arrow misses you.
A water moccasin comes into view.
The centaur shoots an arrow.
The arrow misses you.
The orc warrior hits you from afar with a +0 trident!
A wave of flame ripples out!
The flame wave engulfs the orc!
You kill the orc!
Qazlal accepts your kill.
The flame wave engulfs the orc warrior!
The orc warrior is almost dead.
The flame wave engulfs the orc!
You kill the orc!
Qazlal accepts your kill.
The flame wave engulfs the orc!!
You kill the orc!
Qazlal accepts your kill.
The flame wave engulfs the centaur!
The centaur is heavily wounded.
The flame wave engulfs the orc priest!
You kill the orc priest!
Qazlal accepts your kill.
You finish channelling waves of flame.
You hear a shout! x3
The centaur shoots an arrow.
The arrow closely misses you.
The orc warrior hits you from afar with a +0 trident.
* * * LOW HITPOINT WARNING * * *
A wight comes into view.
It is wielding a +2 morningstar of freezing.
The centaur shoots an arrow.
The arrow hits you!
* * * LOW HITPOINT WARNING * * *
The centaur shoots an arrow.
The arrow hits you.
* * * LOW HITPOINT WARNING * * *
The orc warrior hits you from afar with a +0 trident!
You die...

$... # .... #.
>...< . ##.
##z....
..##..##.c)....
......./.oo....
#......)...?.
#...@)))S...
#......#.....
#......# ...
.....#.### #
....... .......
#.. ... .......


You could see an orc warrior, a water moccasin, a centaur, a wight and an orc.

Vanquished Creatures
  Maggie (D:6)
  Grinder (D:5)
  Eustachio (D:6)
  Edmund (D:5)
  3 water moccasins
  The ghost of osoart the Digger, an amateur GrEE (D:4)
  An ogre (D:5)
  A centaur (D:6)
  A kobold brigand (D:6)
  A phantom (D:6)
  2 scorpions
  2 jellies
  4 orc priests
  6 iguanas
  2 orc wizards (D:5)
  A sleepcap (D:4)
  3 gnolls (D:3)
  6 adders
  A shadow imp (D:5)
  A worm (D:5)
  2 dart slugs
  25 orcs
  6 ball pythons
  6 endoplasms
  9 goblins
  5 hobgoblins
  9 jackals
  8 kobolds
  6 quokkas
  6 bats
  4 frilled lizards (D:2)
  6 rats
132 creatures vanquished.

Vanquished Creatures (collateral kills)
  4 foxfires
4 creatures vanquished.

Vanquished Creatures (others)
  590 foxfires
590 creatures vanquished.

Grand Total: 726 creatures vanquished

Notes
Turn   | Place    | Note
-------+----------+-------------------------------------------
     0 | D:1      | javelincjr the Djinni Fire Elementalist began the quest for
                  | the Orb.
     0 | D:1      | javelincjr set off with the following spells memorised:
                  | Foxfire, Scorch, Volatile Blastmotes, Inner Flame, Flame
                  | Wave.
     0 | D:1      | Reached XP level 1. HP: 15/15 MP: 0/0
   154 | D:1      | Reached XP level 2. HP: 18/22 MP: 0/0
   203 | D:1      | Reached skill level 1 in Fighting
   546 | D:1      | Reached XP level 3. HP: 27/27 MP: 0/0
   546 | D:1      | Learned a level 1 spell: Kiss of Death
  1152 | D:2      | Reached XP level 4. HP: 32/33 MP: 0/0
  1379 | D:2      | Reached skill level 2 in Fighting
  1638 | D:3      | Found a faded altar of an unknown god.
  2209 | D:3      | Found a burning altar of Makhleb.
  2336 | D:3      | Found a broken altar of Ashenzari.
  2408 | D:3      | Reached XP level 5. HP: 36/39 MP: 0/0
  2408 | D:3      | Learned a level 2 spell: Passwall
  2813 | D:4      | Reached skill level 3 in Fighting
  2866 | D:4      | Reached XP level 6. HP: 43/46 MP: 0/0
  3703 | D:4      | Found a runed translucent door.
  3841 | D:4      | Noticed osoart's ghost (amateur GrEE)
  3848 | D:4      | Killed osoart's ghost
  3849 | D:4      | Reached skill level 4 in Fighting
  3849 | D:4      | Reached XP level 7. HP: 34/52 MP: 0/0
  3849 | D:4      | Learned a level 3 spell: Ignite Poison
  4006 | D:5      | Entered Level 5 of the Dungeon
  4062 | D:5      | Noticed Grinder
  4067 | D:5      | Killed Grinder
  4102 | D:5      | Reached skill level 5 in Fighting
  4181 | D:5      | Noticed a water moccasin
  4185 | D:5      | Killed a water moccasin
  4186 | D:5      | Reached XP level 8. HP: 46/59 MP: 0/0
  4320 | D:5      | Reached skill level 5 in Spellcasting
  4320 | D:5      | Reached skill level 5 in Conjurations
  4320 | D:5      | Reached skill level 5 in Hexes
  4320 | D:5      | Reached skill level 5 in Summonings
  4320 | D:5      | Reached skill level 5 in Necromancy
  4320 | D:5      | Reached skill level 5 in Translocations
  4320 | D:5      | Reached skill level 5 in Transmutations
  4320 | D:5      | Reached skill level 5 in Fire Magic
  4320 | D:5      | Reached skill level 5 in Ice Magic
  4320 | D:5      | Reached skill level 5 in Air Magic
  4320 | D:5      | Reached skill level 5 in Earth Magic
  4320 | D:5      | Reached skill level 5 in Poison Magic
  4590 | D:5      | Noticed Edmund
  4596 | D:5      | Killed Edmund
  4666 | D:5      | Reached skill level 5 in Dodging
  4692 | D:5      | Reached skill level 6 in Fighting
  5148 | D:5      | Found a staircase to the Ecumenical Temple.
  5155 | Temple   | Entered the Ecumenical Temple
  5184 | Temple   | Became a worshipper of Qazlal Stormbringer
  5765 | D:6      | Reached skill level 1 in Armour
  5839 | D:6      | Noticed Eustachio
  5853 | D:6      | Reached XP level 9. HP: 47/67 MP: 0/0
  5853 | D:6      | Learned a level 4 spell: Anguish
  5854 | D:6      | Killed Eustachio
  6079 | D:6      | Noticed Maggie
  6086 | D:6      | Killed Maggie
  6087 | D:6      | Reached skill level 7 in Fighting
  6173 | D:6      | Found a transporter.
  6702 | D:6      | Found a transporter.
  6779 | D:6      | Found Cor Diepe's Magic Scroll Shop.
  6786 | D:6      | Bought a scroll of identify for 28 gold pieces
  6812 | D:7      | Slain by an orc warrior

Illustrated notes

Levels and vault maps discovered:
D:1:      saegor_arrival_simple_c, layout_rooms, st_stairs_13,
          amcnicky_mini_pool_small, bh_walls_and_bars
D:2:      layout_basic
D:3:      layout_basic, general_overflow_altar, mainiacjoe_overflow_boulevard,
          ebering_ecumenical_altar_hall, serial_co_window_serial,
          co_window_corner_a, co_window_corner_a, co_window_paths_a,
          co_window_paths_b, co_window_paths_a, co_window_corner_b,
          co_window_unsneaky_path_d, co_window_2corner, co_window_4corner_b,
          glass_columns_a
D:4:      layout_gridville, ebering_ghost_reflecting_pool
D:5:      layout_layer_cave, minmay_temple_entry_mini_moons, uniq_edmund,
          uniq_grinder
D:6:      layout_basic, mainiacjoe_overflow_chevrons, serial_shops,
          nicolae_shop_drivethru, minmay_hedge_maze, uniq_eustachio, uniq_maggie
D:7:      layout_cave_pools, mainiacjoe_overflow_cross_hatched, enter_bailey_2,
          uniq_jeremiah
Temple:   hellmonk_temple_forest_ring

Skill      XL: |  1  2  3  4  5  6  7  8  9 |
---------------+----------------------------+-----
Spellcasting   | 4 5 6 |  6.0
Conjurations   | 4 5 6 |  6.0
Hexes          | 4 5 6 |  6.0
Summonings     | 4 5 6 |  6.0
Necromancy     | 4 5 6 |  6.0
Translocations | 4 5 6 |  6.0
Transmutations | 4 5 6 |  6.0
Fire Magic     | 4 5 6 |  6.0
Ice Magic      | 4 5 6 |  6.0
Air Magic      | 4 5 6 |  6.0
Earth Magic    | 4 5 6 |  6.0
Poison Magic   | 4 5 6 |  6.0
Fighting       | 1 2 3 4 5 6 7 |  7.5
Dodging        | 3 4 5 6 |  6.1
Armour         | 1 2 |  2.8
Stealth        | |  1.5

Action                     |  1- 3 |  4- 6 |  7- 9 || total
---------------------------+-------+-------+-------++-------
  Melee: Unarmed           |     4 |       |       ||     4
         Spear             |     1 |     1 |       ||     2
         Short sword       |       |     6 |       ||     6
         Trident           |       |    11 |    12 ||    23
   Cast: Foxfire           |    96 |   113 |   131 ||   340
         Scorch            |     2 |     2 |    32 ||    36
         Volatile Blastmot |       |     4 |     2 ||     6
         Flame Wave        |       |       |     4 ||     4
         Ignite Poison     |       |       |     1 ||     1
    Use: Scroll            |       |       |     3 ||     3
 Armour: Robe              |     6 |       |       ||     6
         Leather armour    |       |    17 |    10 ||    27
         Steam dragon scal |       |       |     8 ||     8
  Dodge: Dodged            |     2 |    17 |    19 ||    38

Table legend: (Time is in decaauts)
 A = Elapsed time spent in this place.
 B = Non-inter-level travel time spent in this place.
 C = Inter-level travel time spent in this place.
 D = Time resting spent in this place.
 E = Time spent auto-exploring this place.
 F = Levels seen in this place.
 G = Mean time per level.
                   A        B        C        D        E       F      G
               +--------+--------+--------+--------+--------+-----+--------+
         Total |   6813 |   6529 |    284 |    166 |   5367 |   8 |  851.6 |
       Dungeon |   6772 |   6527 |    245 |    166 |   5367 |   7 |  967.4 |
        Temple |     40 |      1 |     39 |      0 |      0 |   1 |   40.0 |
               +--------+--------+--------+--------+--------+-----+--------+

Top non-repeatable levels by time:
     D:5: 1562 daAuts
     D:3: 1254 daAuts
     D:4: 1202 daAuts
     D:6: 1196 daAuts
     D:1: 798 daAuts
     D:2: 749 daAuts
  Temple: 40 daAuts
     D:7: 8 daAuts
